AoeStats
← mrbeast2mrbeast2

Arabia

510301575Analyzed
1v1 RM · 12h ago on Sep 30, 2026· 44m 22s· 2 players
Game mode
Random Map
Map size
Tiny (2 player)
Population
200
Speed
Normal
Resources
Standard
Victory
Conquest
Starting age
Dark Age
Ending age
Imperial Age
RankedLock teamsTeams togetherTeam positionsShared explorationLock speedFull tech treeHidden civsTurbo modeCheats
Victory
Defeat
🇵🇰 Bulgarians · Pakistan
570
+17
🇪🇸 Franks · Spain
586
-34
mrbeast2mrbeast2
7:15 Loom
11:36 Feudal Age
12:54 Wheelbarrow
12:03 Horse Collar
12:12 Double-Bit Axe
26:20 Gold Mining
26:21 Stone Mining
30:26 Castle Age
32:25 Gold Shaft Mining
31:40 Stone Mining
32:20 Bow Saw
32:13 Heavy Plow
32:19 Gambesons
33:32 Squires
35:49 Stone Shaft Mining
36:29 Forging
36:20 Scale Mail Armor
36:50 Pikeman
39:42 Hand Cart
VaporingCat7235
8:06 Loom
11:23 Feudal Age
13:29 Wheelbarrow
20:00 Double-Bit Axe
20:10 Gold Mining
27:26 Castle Age
28:25 Hand Cart
33:25 Scale Barding Armor
35:44 Forging
39:34 Husbandry
38:58 Light Cavalry
40:51 Chain Barding Armor
42:28 Bow Saw
42:58 Gold Shaft Mining
Connection lost

Rejoining the realm…

Still unreachable

The connection could not be restored.

Session expired

The server has moved on; the page needs a fresh start.